Map: Lightshade LE

Players

Epic - Winner!

  • Race: Terran Terran

TriGGeR

  • Race: Protoss Protoss

Event: DreamHack SC2 Masters 2021 Fall

VOD

Have the link to the VOD?

Description

Time

  • Played on: Aug. 7, 2021, 3:43 p.m.
  • Length: 10:36

All games in this series

Show
View Real Time Build Order
Export as new Build Order

Epic Terran - Winner!

Build Orders:  

Get SALT Encoding   

  12  0:00  SCV  
  13  0:12  SCV  
  14  0:16  Supply Depot  
  14  0:24  SCV  
  15  0:38  SCV  
  15  0:39  Barracks  
  15  0:42  Refinery  
  16  0:50  SCV  
  16  0:55  Supply Depot  
  17  1:02  SCV  
  18  1:14  SCV  
  19  1:26  Barracks Reactor, Orbital Command  
  19  1:51  Command Center  
  19  1:54  SCV  
  20  2:02  Marine x2  
  20  2:06  SCV  
  23  2:13  Factory  
  23  2:19  SCV  
  23  2:20  Refinery  
  23  2:21  Marine  
  25  2:25  Marine  
  26  2:32  SCV  
  26  2:44  SCV  
  26  2:45  Bunker  
  26  2:47  Marine x2  
  29  2:57  Armory  
  29  2:58  SCV  
  29  3:05  Starport  
  30  3:11  SCV  
  30  3:12  Factory Tech Lab  
  31  3:23  SCV  
  31  3:24  Marine x2  
  34  3:31  Orbital Command  
  34  3:33  Widow Mine  
  36  3:35  SCV  
  37  3:41  Medivac  
  37  3:43  Drilling Claws  
  37  3:47  SCV  
  40  3:53  Marine, Supply Depot  
  42  3:56  Widow Mine  
  42  3:58  SCV  
  42  4:00  SCV  
  45  4:10  SCV  
  45  4:14  Supply Depot, Medivac  
  45  4:15  SCV  
  49  4:18  Widow Mine  
  49  4:19  Supply Depot  
  49  4:23  Marine x2  
  53  4:28  Barracks  
  53  4:29  SCV  
  54  4:36  SCV  
  54  4:38  Supply Depot, Engineering Bay  
  55  4:43  Siege Tank  
  58  4:46  SCV  
  58  4:48  Marine, SCV  
  58  4:49  Marine  
  62  4:53  Medivac  
  62  4:57  Refinery  
  62  4:59  Supply Depot  
  64  5:03  SCV x2  
  66  5:18  Barracks Tech Lab, Siege Tank  
  66  5:19  Marine x2  
  71  5:25  SCV x2  
  71  5:34  Command Center  
  71  5:38  Stimpack  
  71  5:39  SCV x2  
  71  5:42  Marine  
  76  5:43  Marauder  
  76  5:51  SCV x2, Terran Infantry Weapons Level 1  
  76  5:56  Barracks, Starport Reactor  
  78  5:59  Supply Depot  
  78  6:00  Refinery  
  78  6:04  Factory Reactor  
  78  6:06  SCV x2  
  78  6:09  Marine x2  
  78  6:10  Marauder  
  84  6:20  SCV x2  
  84  6:23  Barracks  
  84  6:24  Barracks  
  86  6:25  Supply Depot  
  86  6:32  Marine x2, SCV x2, Marauder  
  92  6:41  Medivac x2  
  92  6:42  Combat Shield  
  92  6:46  Orbital Command  
  91  6:49  SCV, Factory Reactor, Marauder  
  91  6:50  SCV  
  91  6:54  Marauder  
  96  6:55  Marine x2  
  96  6:56  Missile Turret  
  96  7:01  Missile Turret  
  98  7:04  SCV x2  
  100  7:10  Marauder  
  100  7:12  Marine, Orbital Command  
  100  7:13  Marine, Barracks Reactor, Barracks Tech Lab  
  100  7:15  Marauder  
  106  7:17  Supply Depot  
  106  7:18  Supply Depot, SCV  
  106  7:20  SCV  
  108  7:25  Viking  
  108  7:28  Viking  
  112  7:34  Missile Turret  
  112  7:40  SCV x3  
  112  7:43  Widow Mine x2  
  119  7:45  Concussive Shells  
  119  7:46  Terran Infantry Weapons Level 2  
  119  7:52  Engineering Bay  
  119  7:55  Marauder x3  
  119  7:56  SCV  
  119  7:57  SCV  
  119  7:58  SCV  
  128  8:00  Viking  
  128  8:03  Viking  
  132  8:08  Supply Depot x2  
  132  8:11  Supply Depot  
  132  8:13  Marine  
  132  8:14  Marine x3  
  132  8:17  Widow Mine x2  
  132  8:18  Terran Infantry Armor Level 1  
  140  8:30  Supply Depot, Marauder x3  
  140  8:32  Supply Depot  
  149  8:34  Bunker, Viking  
  149  8:35  Viking  
  149  8:37  Marine x2  
  149  8:38  Marine  
  149  8:39  Marine  
  157  8:45  Widow Mine x2  
  158  8:49  Supply Depot  
  158  8:50  Supply Depot  
  158  8:52  Supply Depot  
  160  8:56  Marauder x3  
  160  8:58  Marine x2  
  160  8:59  Marine x2  
  167  9:04  Viking  
  167  9:05  Viking  
  169  9:15  Supply Depot  
  169  9:16  Supply Depot  
  167  9:18  Widow Mine x2  
  167  9:19  Command Center  
  167  9:22  Marauder x2  
  167  9:23  Marauder  
  171  9:34  Starport  
  171  9:35  Marine x2  
  171  9:36  Marine x2  
  167  9:49  Marauder x3  
  146  9:54  Marine x3  
  146  9:55  Medivac x2  
  146  9:56  Widow Mine x2  
  138  10:01  Marine  
  138  10:07  Barracks  
  139  10:08  Barracks  
  139  10:11  Marine x2, Barracks, Marauder x3  
Show
View Real Time Build Order
Export as new Build Order

TriGGeR Protoss 

Build Orders: 1 Gate Expand, Blink Stalkers, Colossus Rush 

Get SALT Encoding   

  12  0:00  Probe  
  13  0:12  Probe  
  14  0:17  Pylon  
  14  0:24  Probe (Chrono Boost)  
  15  0:36  Gateway  
  15  0:37  Probe (Chrono Boost)  
  16  0:43  Probe (Chrono Boost)  
  16  0:45  Assimilator  
  17  0:51  Probe  
  18  1:03  Probe  
  19  1:15  Probe  
  20  1:23  Cybernetics Core  
  20  1:32  Nexus  
  20  1:35  Probe  
  21  1:42  Assimilator  
  21  1:49  Pylon  
  21  1:50  Probe  
  22  2:03  Probe  
  22  2:04  Stalker (Chrono Boost)  
  26  2:15  Probe  
  26  2:19  Gateway, Warp Gate (Chrono Boost)  
  26  2:25  Stalker (Chrono Boost)  
  26  2:27  Probe  
  29  2:39  Probe  
  29  2:41  Pylon  
  30  2:47  Twilight Council  
  30  2:51  Probe  
  31  2:56  Stalker  
  33  3:00  Probe  
  33  3:03  Probe  
  36  3:13  Probe (Chrono Boost)  
  36  3:18  Blink (Chrono Boost)  
  36  3:19  Probe (Chrono Boost)  
  38  3:30  Probe x2 (Chrono Boost)  
  39  3:35  Probe (Chrono Boost)  
  39  3:36  Probe (Chrono Boost)  
  39  3:40  Robotics Facility  
  41  3:46  Probe  
  41  3:48  Probe  
  43  3:52  Assimilator  
  43  3:55  Assimilator  
  43  3:56  Shield Battery  
  43  3:58  Probe  
  43  4:00  Stalker x2, Probe  
  49  4:10  Probe  
  49  4:12  Probe  
  49  4:16  Pylon  
  51  4:22  Probe  
  52  4:24  Probe  
  52  4:27  Observer  
  54  4:34  Probe  
  54  4:36  Probe  
  54  4:37  Robotics Bay  
  56  4:39  Pylon  
  56  4:42  Pylon  
  56  4:43  Stalker x2  
  60  4:48  Probe  
  60  4:49  Observer  
  62  4:54  Nexus  
  62  4:57  Probe  
  63  5:00  Shield Battery  
  63  5:04  Probe  
  64  5:09  Forge  
  64  5:18  Observer (Chrono Boost)  
  64  5:20  Probe x2  
  54  5:32  Probe x2  
  54  5:35  Colossus (Chrono Boost)  
  56  5:42  Photon Cannon  
  62  5:44  Probe x2  
  62  5:47  Stalker  
  66  5:55  Protoss Ground Weapons Level 1  
  68  5:57  Probe (Chrono Boost)  
  68  5:58  Probe (Chrono Boost)  
  68  6:00  Extended Thermal Lance  
  68  6:06  Probe (Chrono Boost)  
  68  6:10  Sentry  
  73  6:15  Probe x3 (Chrono Boost)  
  73  6:16  Stalker  
  76  6:22  Colossus (Chrono Boost)  
  82  6:26  Observer  
  82  6:33  Stalker  
  78  6:42  Zealot  
  78  6:45  Gateway  
  80  6:50  Gateway  
  80  6:51  Probe (Chrono Boost)  
  83  6:56  Probe (Chrono Boost)  
  83  6:57  Probe (Chrono Boost)  
  83  7:00  Sentry  
  83  7:01  Probe (Chrono Boost)  
  86  7:05  Probe (Chrono Boost)  
  86  7:06  Probe x2 (Chrono Boost)  
  89  7:10  Charge (Chrono Boost)  
  89  7:13  Sentry  
  92  7:16  Observer  
  92  7:20  Probe (Chrono Boost)  
  92  7:22  Pylon  
  93  7:23  Probe (Chrono Boost)  
  93  7:25  Pylon  
  93  7:29  Pylon  
  93  7:30  Pylon, Gateway  
  93  7:32  Gateway  
  93  7:39  Colossus (Chrono Boost)  
  93  7:40  Probe x3  
  102  7:52  Probe x2  
  102  7:56  Probe  
  102  7:58  Photon Cannon  
  105  7:59  Nexus  
  105  8:04  Probe  
  105  8:05  Probe  
  107  8:07  Pylon  
  108  8:12  Probe  
  108  8:14  Gateway  
  108  8:19  Gateway  
  108  8:21  Templar Archives  
  108  8:22  Probe  
  108  8:23  Probe  
  110  8:31  Probe  
  111  8:34  Pylon  
  111  8:36  Probe, Immortal (Chrono Boost)  
  111  8:38  Probe  
  117  8:43  Zealot  
  117  8:45  Gateway  
  117  8:46  Gateway  
  117  8:47  Zealot  
  117  8:48  Zealot  
  123  9:01  Zealot x3  
  128  9:07  Gateway, Probe (Chrono Boost)  
  128  9:08  Gateway  
  124  9:12  Probe (Chrono Boost)  
  124  9:13  Probe (Chrono Boost)  
  124  9:16  High Templar x2, Probe (Chrono Boost)  
  129  9:19  Zealot x3  
  129  9:22  Archon  
  131  9:31  Probe x2  
  131  9:32  Stalker, Zealot  
  131  9:33  Zealot  
  131  9:35  Shield Battery  
  131  9:36  Probe  
  140  9:38  Zealot  
  140  9:45  Zealot x3  
  138  9:47  Observer  
  138  9:49  Zealot x2  
  114  9:55  Zealot x2  
  114  9:57  Zealot  
  86  10:00  Zealot  
  86  10:04  Stalker x2  
  77  10:15  Assimilator, Sentry x2  
  77  10:16  Stalker  
  72  10:21  Zealot  
  72  10:24  Zealot  
  70  10:29  Zealot x4  

Tags
 
Add a new tag
Caveats
  • Supply blocks, unpowered buildings, or Contaminate may cause inaccurate times.
  • Supply counts are checked every 10 seconds.